 Dungeon Crawl Stone Soup version 0.18.1-48-g4cf74bf (webtiles) character file.

1506 MovingMist the Covered (level 8, -1/46 HPs)
             Began as a Gargoyle Fighter on July 28, 2016.
             Was a Follower of Okawaru.
             Slain by a decayed bog body (7 damage)
             ... in an ossuary.
             The game lasted 00:26:18 (4962 turns).

MovingMist the Covered (Gargoyle Fighter)           Turns: 4962, Time: 00:26:21

Health: -1/46      AC: 24    Str: 23    XL:     8   Next: 82%
Magic:  8/8        EV:  8    Int:  8    God:    Okawaru [*.....]
Gold:   262        SH: 12    Dex: 14    Spells: 0 memorised, 7 levels left

rFire  . . .     SeeInvis .     F - +1 flail (protect)
rCold  . . .     Gourm    .     m - +0 chain mail
rNeg   + + .     Faith    .     c - +1 shield
rPois  ∞         Spirit   .     o - +1 helmet
rElec  +         Dismiss  .     (no cloak)
rCorr  .         Reflect  .     u - +0 pair of gloves
SustAt .         Harm     .     (no boots)
MR     .....                    (no amulet)
Stlth  ..........               b - ring of positive energy
                                e - +5 ring of dexterity

@: slowed, very slow, not resistant to hostile enchantments, extremely
unstealthy
A: negative energy resistance 1, electricity resistance, unbreathing,
petrification resistance, rot immunity, AC +5
a: Heroism, Renounce Religion


You were in an ossuary.
You worshipped Okawaru.
Okawaru was aware of your devotion.
You were not hungry.

You visited 2 branches of the dungeon, and saw 6 of its levels.
You also visited: Sewer and Ossuary.

You collected 262 gold pieces.

Inventory:

Hand Weapons
 a - a +1 flail
 F - a +1 flail of protection (weapon)
Armour
 c - a +1 shield (worn)
 m - a +0 chain mail (worn)
 o - a +1 helmet (worn)
 u - a +0 pair of gloves (worn)
Jewellery
 b - a ring of positive energy (right hand)
 e - a +5 ring of dexterity (left hand)
 p - an uncursed ring of stealth
 z - a cursed ring of resist corrosion
Wands
 E - a wand of flame (22/48)
Scrolls
 n - 3 scrolls of remove curse
 r - 3 scrolls of amnesia
 t - 2 scrolls of enchant armour
 y - 3 scrolls of fog
 H - 2 scrolls of blinking
 I - 3 scrolls of identify
Potions
 d - a potion of might
 g - a potion of resistance
 h - a potion of magic {unknown}
 j - 11 potions of curing
 l - 2 potions of invisibility
 q - 7 potions of heal wounds
 v - 3 potions of brilliance
 w - a potion of lignification {unknown}
 x - a potion of haste {unknown}
 A - 3 potions of cancellation
 C - 2 potions of agility {unknown}
 D - 2 potions of ambrosia {unknown}
 G - 2 potions of flight {unknown}
 J - a potion of mutation {unknown}
Comestibles
 f - 3 bread rations
 i - a beef jerky
 k - 2 meat rations
 s - 7 fruits
 B - a slice of pizza


   Skills:
 - Level 3.2 Fighting
 + Level 5.6 Maces & Flails
 + Level 6.9 Armour
 + Level 4.2 Dodging
 + Level 6.5 Shields


You had 7 spell levels left.
You didn't know any spells.

Dungeon Overview and Level Annotations

Branches:
Dungeon (5/15)             Temple (1/1) D:4

Altars:
Ashenzari
Elyvilon
Fedhas
Kikubaaqudgha
Okawaru
Xom
Zin
The Shining One

Shops:
D:4 :


Innate Abilities, Weirdness & Mutations

You are resistant to torment.
Your stone body is resilient (AC +5).
You are immune to poison.
You resist negative energy.
You are resistant to electric shocks.
You can survive without breathing.
You are immune to petrification.
You are immune to rotting.


Message History

The decayed bog body barely misses you.
You block the decayed bog body's attack. x2
The decayed bog body closely misses you.
The giant frog zombie hits you but does no damage.
The decayed bog body hits you but does no damage.
You block the decayed bog body's attack.
Your chain mail prevents you from hitting the decayed bog body.
The decayed bog body is moderately damaged.
The giant frog zombie hits you but does no damage.
The decayed bog body hits you but does no damage.
You block the decayed bog body's attack.
The decayed bog body hits you!
* * * LOW HITPOINT WARNING * * *
You block the decayed bog body's attack.
The giant frog zombie hits you but does no damage.
The decayed bog body hits you but does no damage.
The decayed bog body touches you.
* * * LOW HITPOINT WARNING * * *
The decayed bog body freezes you!
You die...

###############
#.#.#.#.#.#.#.#
###'#'#'#'#'#'#'###
#.'.............'.#
###.##'##'##'##.###
#.'.#...#.#...#≈'P#
###.#...###!..#.#≈#
#.n.#...# #...#.≈P#
#####@#####'#####.###≈
#≈≈.Zn≈......≈M≈≈≈..#≈
#≈≈≈≈#≈#####'#####≈≈≈≈≈
##≈#.≈≈# #∩..#.≈P≈# #≈
≈##≈# #.∩.#≈≈#≈# # ##
≈≈# #...#≈..#≈
≈.##+##+##'##≈≈###
.≈≈≈≈.≈≈≈≈≈≈≈≈≈P#
≈≈.≈.#.≈≈#≈#.≈.≈##


You could see 2 decayed bog bodies and a giant frog zombie.

Vanquished Creatures
  Edmund (D:4)
  Purgy (D:4)
  The ghost of Situis the Ruffian, an amateur HOMo (D:3)
  2 big kobolds (Sewer)
  A water moccasin zombie (Ossuary)
  2 scorpions
  2 bog bodies (Ossuary)
  2 giant frog zombies (Ossuary)
  A hound (D:5)
  Crazy Yiuf (D:2)
  An orc wizard (D:5)
  Ijyb (D:2)
  Natasha (twice) (D:2)
  A hound zombie (Ossuary)
  A hound skeleton (D:5)
  8 mummies (Ossuary)
  4 worker ant zombies (Ossuary)
  A howler monkey zombie (D:5)
  Robin (D:2)
  3 gnolls (D:4)
  10 adders
  10 river rats
  A shadow imp (D:5)
  An ooze (D:1)
  A worm (D:2)
  6 dart slugs
  7 giant geckos
  12 orcs
  8 ball pythons
  3 giant cockroaches
  23 goblins
  11 hobgoblins
  13 jackals
  A quokka (D:2)
  7 bats
  A giant cockroach zombie (Ossuary)
  A giant gecko skeleton (D:5)
  A giant gecko zombie (Ossuary)
  6 giant newts
  A jackal skeleton (D:4)
  A jackal zombie (Ossuary)
  20 kobolds
  A quokka skeleton (D:4)
  2 quokka zombies (Ossuary)
  31 rats
216 creatures vanquished.

Vanquished Creatures (others)
  4 toadstools (D:1)
  A withered plant (Ossuary)
5 creatures vanquished.

Grand Total: 221 creatures vanquished

Notes
Turn   | Place    | Note
--------------------------------------------------------------
     0 | D:1      | MovingMist the Gargoyle Fighter began the quest for the Orb.
     0 | D:1      | Reached XP level 1. HP: 14/14 MP: 1/1
    47 | D:1      | Reached XP level 2. HP: 19/19 MP: 2/2
   382 | D:1      | Reached XP level 3. HP: 20/23 MP: 3/3
   443 | D:1      | Reached skill level 1 in Dodging
  1106 | D:2      | Reached XP level 4. HP: 28/28 MP: 4/4
  1272 | D:2      | Found a shimmering altar of Xom.
  1569 | D:2      | Noticed Ijyb
  1601 | D:2      | Killed Ijyb
  1755 | D:2      | Reached XP level 5. HP: 32/32 MP: 5/5
  1763 | D:2      | Noticed Robin
  1772 | D:2      | Killed Robin
  1979 | D:2      | Noticed Natasha
  1992 | D:2      | Killed Natasha
  2141 | D:2      | Noticed Natasha
  2147 | D:2      | Killed Natasha
  2191 | D:2      | Noticed Crazy Yiuf
  2197 | D:2      | Killed Crazy Yiuf
  2197 | D:2      | Reached XP level 6. HP: 37/37 MP: 6/6
  2251 | D:3      | Noticed Situis's ghost (amateur HOMo)
  2491 | D:3      | Killed Situis's ghost
  2923 | D:3      | Reached skill level 5 in Shields
  3098 | D:4      | Noticed Edmund
  3123 | D:4      | Killed Edmund
  3123 | D:4      | Reached skill level 5 in Armour
  3123 | D:4      | Reached XP level 7. HP: 24/41 MP: 7/7
  3159 | D:4      | Found a glowing drain.
  3219 | Sewer    | Entered a sewer
  3940 | D:4      | Found Omynk's Book Boutique.
  3979 | D:4      | Found a staircase to the Ecumenical Temple.
  4009 | Temple   | Entered the Ecumenical Temple
  4073 | Temple   | Became a worshipper of Warmaster Okawaru
  4231 | D:4      | Reached XP level 8. HP: 40/46 MP: 8/8
  4278 | D:4      | Noticed Purgy
  4293 | D:4      | Killed Purgy
  4379 | D:4      | Reached skill level 5 in Maces & Flails
  4391 | D:5      | Entered Level 5 of the Dungeon
  4697 | D:5      | Found a sand-covered staircase.
  4705 | Ossuary  | Entered an ossuary
  4919 | Ossuary  | Reached * piety under Okawaru
  4962 | Ossuary  | Slain by a decayed bog body

Skill      XL: |  1  2  3  4  5  6  7  8 |
---------------+-------------------------+-----
Dodging        | 1 2 3 4 |  4.2
Shields        | 4 5 6 |  6.5
Armour         | 4 5 6 |  6.9
Maces & Flails | 3 4 5 |  5.6
Fighting       | |  3.2

Action                   |  1- 3 |  4- 6 |  7- 9 || total
-------------------------+-------+-------+-------++-------
Melee: Flail             |   120 |   445 |   450 ||  1015
  Use: Scroll            |     5 |    10 |     4 ||    19
       Potion            |       |     1 |       ||     1
  Eat: Chunk             |     1 |     8 |     6 ||    15
       Fruit             |       |       |     1 ||     1
Armor: Scale mail        |    15 |       |       ||    15
       Chain mail        |    71 |   317 |   311 ||   699
Dodge: Dodged            |    30 |   162 |   160 ||   352
Block: Shield            |    94 |   338 |   332 ||   764
